[Event "2023 Wolfgang Leonhardt Cup"]
[Site "Woodvale, Perth WA AUS"]
[Date "2023.08.23"]
[Round "2"]
[White "Davoll, Josh"]
[Black "Saxon, Marc"]
[Result "1-0"]
[ECO "D03"]
[WhiteElo "1917"]
[BlackElo "2053"]
[PlyCount "93"]
[EventDate "2023.08.09"]
[EventType "swiss"]
[EventRounds "7"]
[EventCountry "AUS"]
[TimeControl "3600+30"]

1. d4 Nf6 2. Nf3 g6 3. Bg5 Bg7 4. Nbd2 d5 5. c3 c5 6. e3 O-O 7. h3 Nbd7 8. Be2
h6 9. Bh4 Re8 10. Bg3 Ne4 11. Nxe4 dxe4 12. Nd2 f5 13. Qb3+ Kh7 14. Rd1 a6 15.
h4 b5 16. Qd5 Nb6 17. Qxd8 Rxd8 18. Bc7 Rd6 19. dxc5 Rxd2 20. Rxd2 Na4 21. Ba5
Be6 22. c6 Rc8 23. c7 Be5 24. Rd8 Nxb2 25. O-O Na4 26. Rxc8 Bxc8 27. Rd1 Bd6
28. c4 Nc5 29. cxb5 axb5 30. Bxb5 Ne6 31. Be2 g5 32. Rb1 Bxc7 33. Bxc7 Nxc7 34.
Rc1 Ba6 35. Bxa6 Nxa6 36. a3 Kg7 37. h5 Kf7 38. Rc6 Nb8 39. Rxh6 g4 40. a4 e6
41. Rh7+ Kf6 42. Rh8 Nc6 43. h6 Kg6 44. h7 Ne5 45. a5 g3 46. fxg3 f4 47. gxf4
1-0

[Event "2023 Wolfgang Leonhardt Cup"]
[Site "Woodvale, Perth WA AUS"]
[Date "2023.08.23"]
[Round "2"]
[White "Maris, Rob"]
[Black "Clarke, Daniel"]
[Result "1/2-1/2"]
[ECO "E57"]
[WhiteElo "2044"]
[BlackElo "1902"]
[PlyCount "41"]
[EventDate "2023.08.09"]
[EventType "swiss"]
[EventRounds "7"]
[EventCountry "AUS"]
[TimeControl "3600+30"]

1. c4 Nf6 2. Nc3 e6 3. Nf3 d5 4. e3 c5 5. d4 cxd4 6. exd4 a6 7. a3 dxc4 8. Bxc4
b5 9. Bb3 Be7 10. O-O Bb7 11. Qe2 O-O 12. Rd1 Nd5 13. Ne4 Nd7 14. Bd2 N7f6 15.
Nc5 Qb6 16. Rac1 Rac8 17. Nxb7 Qxb7 18. Ne5 Rxc1 19. Rxc1 Rc8 20. g3 Rxc1+ 21.
Bxc1 1/2-1/2

[Event "2023 Wolfgang Leonhardt Cup"]
[Site "Woodvale, Perth WA AUS"]
[Date "2023.08.23"]
[Round "2"]
[White "Roebuck, Derek"]
[Black "O'Shaughnessy, Dave"]
[Result "1/2-1/2"]
[ECO "C56"]
[WhiteElo "1796"]
[BlackElo "1977"]
[PlyCount "48"]
[EventDate "2023.08.09"]
[EventType "swiss"]
[EventRounds "7"]
[EventCountry "AUS"]
[TimeControl "3600+30"]

1. e4 e5 2. Nf3 Nc6 3. Bc4 Nf6 4. d4 exd4 5. O-O Nxe4 6. Re1 d5 7. Bxd5 Qxd5 8.
Nc3 Qd8 9. Rxe4+ Be6 10. Nxd4 Nxd4 11. Qxd4 Qxd4 12. Rxd4 Bc5 13. Rd1 O-O 14.
Bf4 Bb6 15. Nd5 c6 16. Nxb6 axb6 17. a3 b5 18. Bd6 Rfe8 19. Bb4 Bd5 20. f3 f6
21. Re1 Kf7 22. Kf2 Rxe1 23. Rxe1 Re8 24. Rxe8 Kxe8 1/2-1/2

[Event "2023 Wolfgang Leonhardt Cup"]
[Site "Woodvale, Perth WA AUS"]
[Date "2023.08.23"]
[Round "2"]
[White "Curthoys, Edward"]
[Black "Akers, Gerard"]
[Result "1-0"]
[ECO "B22"]
[WhiteElo "1848"]
[BlackElo "1562"]
[PlyCount "67"]
[EventDate "2023.08.09"]
[EventType "swiss"]
[EventRounds "7"]
[EventCountry "AUS"]
[TimeControl "3600+30"]

1. e4 c5 2. c3 d5 3. exd5 Qxd5 4. Nf3 Nc6 5. Na3 Bg4 6. Be2 Nf6 7. Nc2 e5 8.
Ne3 Qd7 9. Nxg4 Nxg4 10. d3 h6 11. O-O Be7 12. Re1 Rd8 13. Qa4 O-O 14. h3 Nf6
15. Qc2 Qc7 16. Bd2 Rd7 17. Nh4 Rfd8 18. Rad1 Nh7 19. Nf5 Bf6 20. Be3 Ne7 21.
Bg4 Bg5 22. Ng3 Bxe3 23. Bxd7 Bxf2+ 24. Qxf2 Rxd7 25. Nf5 Nd5 26. Qg3 f6 27.
Nxh6+ Kh8 28. Nf5 Nf4 29. Kh1 g6 30. Nh4 Ng5 31. d4 Qd8 32. Nf3 Nxf3 33. Qxf3
Rh7 34. dxe5 1-0

[Event "2023 Wolfgang Leonhardt Cup"]
[Site "Woodvale, Perth WA AUS"]
[Date "2023.08.23"]
[Round "2"]
[White "Stortz, Robert"]
[Black "Berry, Alistair"]
[Result "1-0"]
[ECO "D00"]
[WhiteElo "1796"]
[BlackElo "1383"]
[PlyCount "120"]
[EventDate "2023.08.09"]
[EventType "swiss"]
[EventRounds "7"]
[EventCountry "AUS"]
[TimeControl "3600+30"]

1. d4 Nf6 2. Bf4 d5 3. Nc3 e6 4. Nb5 Bd6 5. Nxd6+ cxd6 6. e3 a6 7. Bd3 Nc6 8.
Nf3 Nh5 9. Bg5 Qa5+ 10. c3 e5 11. Nd2 Nf6 12. h3 e4 13. Be2 Bd7 14. Bf4 Qd8 15.
Qb3 b5 16. Qa3 O-O 17. Qxd6 Ne8 18. Qxd5 Nf6 19. Qb3 Be6 20. Qc2 b4 21. c4 Bc8
22. Nxe4 Bf5 23. Nxf6+ Qxf6 24. Bd3 Bxd3 25. Qxd3 Rad8 26. O-O Nxd4 27. exd4
Rxd4 28. Bg5 Rxd3 29. Bxf6 gxf6 30. b3 Rd2 31. Rfe1 Rb2 32. Reb1 Rd2 33. a3
bxa3 34. Rxa3 Re8 35. Rxa6 Ree2 36. Rxf6 Kf8 37. Rf3 Rc2 38. Kf1 Red2 39. Ke1
Re2+ 40. Kf1 Red2 41. Rf4 Ke7 42. Re1+ Kd6 43. Rxf7 Kc5 44. Rf3 Kb4 45. g4 h6
46. Kg2 Rd4 47. Re6 Rd1 48. Rxh6 Rcc1 49. Kg3 Rg1+ 50. Kh4 Rcd1 51. Rb6+ Kc5
52. Rb5+ Kc6 53. Rf6+ Kc7 54. Rh5 Rd7 55. Rfh6 Kb8 56. Rh8+ Ka7 57. R8h7 Rb7
58. f4 Ka8 59. Rxb7 Rg2 60. Rg7 Rxg4+ 1-0

[Event "2023 Wolfgang Leonhardt Cup"]
[Site "Woodvale, Perth WA AUS"]
[Date "2023.08.23"]
[Round "2"]
[White "Kerr, Lennon"]
[Black "Gough, Dylan"]
[Result "1/2-1/2"]
[ECO "B08"]
[WhiteElo "1576"]
[BlackElo "1762"]
[PlyCount "101"]
[EventDate "2023.08.09"]
[EventType "swiss"]
[EventRounds "7"]
[EventCountry "AUS"]
[TimeControl "3600+30"]

1. e4 d6 2. d4 g6 3. Nc3 c6 4. Nf3 Nf6 5. Bf4 Bg7 6. Qd2 O-O 7. h3 Nfd7 8.
O-O-O Qe8 9. e5 dxe5 10. dxe5 Nc5 11. g4 b5 12. h4 Bxg4 13. Be2 a5 14. h5 b4
15. Nb1 Nbd7 16. hxg6 fxg6 17. Bh6 Bxf3 18. Bxf3 Bxh6 19. Qxh6 Qf7 20. Bxc6
Nxe5 21. Rd5 Ng4 22. Qg5 Ne4 23. Qxg4 Nxf2 24. Qg2 Rac8 25. Rd7 Rxc6 26. Qxc6
Nxh1 27. Qxh1 Qf1+ 28. Rd1 Qxh1 29. Rxh1 h5 30. c4 Kg7 31. Kc2 Rf2+ 32. Kb3 a4+
33. Kxb4 Rxb2+ 34. Kxa4 Rxa2+ 35. Kb3 Ra7 36. c5 Kf6 37. c6 Rc7 38. Rc1 h4 39.
Nc3 Ke6 40. Nb5 Rc8 41. Rd1 g5 42. c7 g4 43. Rd8 Rxc7 44. Nxc7+ Kf5 45. Rd1 g3
46. Nd5 h3 47. Ne3+ Kf4 48. Nd5+ Ke5 49. Nxe7 g2 50. Ng6+ Kf5 51. Nh4+ 1/2-1/2

[Event "2023 Wolfgang Leonhardt Cup"]
[Site "Woodvale, Perth WA AUS"]
[Date "2023.08.23"]
[Round "2"]
[White "Leonhardt, Wolfgang"]
[Black "Garang, Kuol Awan"]
[Result "1/2-1/2"]
[ECO "C45"]
[WhiteElo "1760"]
[BlackElo "1632"]
[PlyCount "70"]
[EventDate "2023.08.09"]
[EventType "swiss"]
[EventRounds "7"]
[EventCountry "AUS"]
[TimeControl "3600+30"]

1. e4 e5 2. Nf3 Nc6 3. d4 exd4 4. Nxd4 Nxd4 5. Qxd4 Ne7 6. Bg5 Nc6 7. Qd2 Be7
8. Be3 a6 9. Nc3 d6 10. h3 Be6 11. Nd5 Qd7 12. Nxe7 Qxe7 13. Bd3 Qf6 14. O-O b5
15. c3 Ne5 16. b3 Bxh3 17. f4 Nxd3 18. Qxd3 Qg6 19. Rf2 O-O 20. f5 Qg3 21. Qd2
Bg4 22. Rf4 Bh5 23. Bf2 Qg5 24. Be3 Qe7 25. g4 Qg5 26. Qg2 Bxg4 27. Qxg4 f6 28.
Kf2 Qxg4 29. Rxg4 Kf7 30. Rc1 Rae8 31. Kf3 g5 32. fxg6+ hxg6 33. Rh1 Rg8 34.
Rh7+ Rg7 35. Rxg7+ Kxg7 1/2-1/2

[Event "2023 Wolfgang Leonhardt Cup"]
[Site "Woodvale, Perth WA AUS"]
[Date "2023.08.23"]
[Round "2"]
[White "Oswald, Franz"]
[Black "Kerr, Carter"]
[Result "1-0"]
[ECO "E80"]
[WhiteElo "1641"]
[BlackElo "1485"]
[PlyCount "63"]
[EventDate "2023.08.09"]
[EventType "swiss"]
[EventRounds "7"]
[EventCountry "AUS"]
[TimeControl "3600+30"]

1. d4 Nf6 2. c4 g6 3. Nc3 Bg7 4. e4 d6 5. f3 Nbd7 6. Nh3 O-O 7. Nf2 b6 8. Be3
Ba6 9. Be2 c5 10. d5 Ne5 11. b3 Nfg4 12. fxg4 Nf3+ 13. gxf3 Bxc3+ 14. Bd2 Bxa1
15. Qxa1 e5 16. Qc1 Rb8 17. a4 Rb7 18. h4 f5 19. Bh6 Rff7 20. gxf5 gxf5 21.
Rg1+ Kh8 22. Qg5 Qxg5 23. Bxg5 Rf8 24. exf5 Rxf5 25. Ne4 Rg7 26. Kf2 Rg6 27.
Ng3 Rf8 28. Bd3 Rgg8 29. Ne4 Rg6 30. h5 Rg7 31. Bf6 Rxf6 32. Nxf6 1-0

[Event "2023 John Brooke Cup"]
[Site "Woodvale, Perth WA AUS"]
[Date "2023.08.23"]
[Round "2"]
[White "Ross, Leo"]
[Black "Michael, Ashley"]
[Result "1-0"]
[ECO "B03"]
[WhiteElo "1335"]
[BlackElo "1588"]
[PlyCount "43"]
[EventDate "2023.08.09"]
[EventType "swiss"]
[EventRounds "7"]
[EventCountry "AUS"]
[TimeControl "3600+30"]

1. e4 Nf6 2. e5 Nd5 3. d4 b5 4. Bxb5 c5 5. c3 cxd4 6. Qxd4 Bb7 7. Nf3 e6 8. Bg5
Qc7 9. Nbd2 Bc5 10. Qg4 Nc6 11. Bxc6 Bxc6 12. Ne4 Bb6 13. Nd6+ Kf8 14. Qh5 g6
15. Qh6+ Kg8 16. Bf6 Nxf6 17. exf6 Bxf2+ 18. Ke2 Bb5+ 19. Nxb5 Qc4+ 20. Kxf2
Qc5+ 21. Nbd4 Qf8 22. Qxf8+ 1-0

[Event "2023 John Brooke Cup"]
[Site "Woodvale, Perth WA AUS"]
[Date "2023.08.23"]
[Round "2"]
[White "Leech, Martin"]
[Black "Powell, Darren"]
[Result "1-0"]
[ECO "A54"]
[WhiteElo "1522"]
[BlackElo "1337"]
[PlyCount "69"]
[EventDate "2023.08.09"]
[EventType "swiss"]
[EventRounds "7"]
[EventCountry "AUS"]
[TimeControl "3600+30"]

1. e4 e5 2. Nf3 Nc6 3. d4 d6 4. d5 Nce7 5. c4 Ng6 6. Nc3 Nf6 7. Be2 Be7 8. O-O
h6 9. h3 O-O 10. Be3 Bd7 11. Qd2 Nh5 12. Nh2 Nhf4 13. Bg4 Bxg4 14. hxg4 c6 15.
g3 Nh3+ 16. Kg2 Ng5 17. Nf3 f6 18. Nh4 Qe8 19. Nf5 Nf7 20. Rh1 Ng5 21. f4 exf4
22. gxf4 Nf7 23. Rh3 Nd8 24. Rah1 Nf7 25. Nxh6+ Nxh6 26. f5 Ne5 27. Bxh6 Rf7
28. Bf4 Rf8 29. Bxe5 dxe5 30. Qe2 Qd8 31. g5 g6 32. fxg6 Kg7 33. Rh7+ Kg8 34.
Rh8+ Kg7 35. R1h7+ 1-0

[Event "2023 John Brooke Cup"]
[Site "Woodvale, Perth WA AUS"]
[Date "2023.08.23"]
[Round "2"]
[White "Curtis, Calan"]
[Black "Boswarva, Ernest"]
[Result "1/2-1/2"]
[ECO "D00"]
[WhiteElo "1300"]
[BlackElo "1516"]
[PlyCount "50"]
[EventDate "2023.08.09"]
[EventType "swiss"]
[EventRounds "7"]
[EventCountry "AUS"]
[TimeControl "3600+30"]

1. d4 d5 2. Nc3 Nf6 3. Bf4 e6 4. e3 Bb4 5. a3 Bxc3+ 6. bxc3 c5 7. Ne2 Qa5 8.
dxc5 Nc6 9. Qd3 Qxc5 10. Nd4 e5 11. Nxc6 exf4 12. Nd4 fxe3 13. Qxe3+ Ne4 14.
Bb5+ Bd7 15. Bxd7+ Kxd7 16. Qh3+ Kc7 17. O-O Rad8 18. Qf3 Nf6 19. Qf4+ Kc8 20.
Rab1 Qc7 21. Qf3 a6 22. Rb3 Ne4 23. Qd3 Nc5 24. Qh3+ Qd7 25. Qxd7+ Rxd7 1/2-1/2

[Event "2023 John Brooke Cup"]
[Site "Woodvale, Perth WA AUS"]
[Date "2023.08.23"]
[Round "2"]
[White "Hounsome, David"]
[Black "Gough, Sebastian"]
[Result "1/2-1/2"]
[ECO "A01"]
[WhiteElo "1370"]
[BlackElo "1072"]
[PlyCount "120"]
[EventDate "2023.08.09"]
[EventType "swiss"]
[EventRounds "7"]
[EventCountry "AUS"]
[TimeControl "3600+30"]

1. b3 d5 2. e3 e5 3. Bb2 Nc6 4. Bb5 Bd6 5. Nf3 f6 6. d3 Nge7 7. Nbd2 a6 8.
Bxc6+ Nxc6 9. h3 Be6 10. a3 O-O 11. c4 dxc4 12. bxc4 b5 13. Rc1 bxc4 14. Nxc4
Rb8 15. Qc2 Bd7 16. O-O Qc8 17. d4 exd4 18. Nxd4 Nxd4 19. Bxd4 Bb5 20. Qa2 Bxc4
21. Rxc4 Kh8 22. Rfc1 Qb7 23. Bc5 Bxc5 24. Rxc5 Qb2 25. Qxb2 Rxb2 26. Rxc7 Rbb8
27. Ra7 Ra8 28. Rcc7 Rg8 29. f4 h6 30. Kf2 Kh7 31. Kf3 Kg6 32. g4 Kh7 33. h4
Kg6 34. e4 a5 35. a4 Kh7 36. h5 Kh8 37. f5 Kh7 38. Kf4 Kh8 39. e5 fxe5+ 40.
Kxe5 Rge8+ 41. Re7 Rxe7+ 42. Rxe7 Kg8 43. f6 gxf6+ 44. Kxf6 Ra6+ 45. Re6 Rxe6+
46. Kxe6 Kg7 47. Kf5 Kf7 48. g5 hxg5 49. Kxg5 Kg7 50. h6+ Kh7 51. Kf5 Kxh6 52.
Ke5 Kg6 53. Kd5 Kf6 54. Kc5 Ke6 55. Kb5 Kd7 56. Kxa5 Kc7 57. Ka6 Kb8 58. Kb6
Ka8 59. a5 Kb8 60. Kb5 Ka7 1/2-1/2

[Event "2023 John Brooke Cup"]
[Site "Woodvale, Perth WA AUS"]
[Date "2023.08.23"]
[Round "2"]
[White "Young, Manfred"]
[Black "May, Wendy"]
[Result "1-0"]
[ECO "D00"]
[WhiteElo "1090"]
[BlackElo "914"]
[PlyCount "70"]
[EventDate "2023.08.09"]
[EventType "swiss"]
[EventRounds "7"]
[EventCountry "AUS"]
[TimeControl "3600+30"]

1. d4 d5 2. Nf3 Nf6 3. Nc3 Nc6 4. e3 e6 5. Bb5 a6 6. Ba4 b5 7. Bb3 b4 8. Ne2 a5
9. c3 a4 10. Bc2 Bd7 11. Bxa4 Na5 12. Bxd7+ Qxd7 13. Bd2 Nc4 14. Ne5 Nxe5 15.
dxe5 Ne4 16. cxb4 Be7 17. O-O O-O 18. a3 Qd8 19. f3 Nxd2 20. Qxd2 Bg5 21. f4
Bh4 22. Rac1 Rc8 23. Rc6 Qd7 24. Rfc1 d4 25. Nxd4 Qd5 26. Rxc7 Rxc7 27. Rxc7
Qa2 28. g3 Bd8 29. Rd7 Qa1+ 30. Kg2 Bb6 31. Nc6 Qb1 32. Kh3 Qf5+ 33. Kh4 h6 34.
Ne7+ Kh7 35. Nxf5 exf5 1-0

[Event "2023 John Brooke Cup"]
[Site "Woodvale, Perth WA AUS"]
[Date "2023.08.23"]
[Round "2"]
[White "Lanham, Bruce"]
[Black "Markou, Victor"]
[Result "1-0"]
[ECO "D78"]
[WhiteElo "1206"]
[BlackElo "1039"]
[PlyCount "65"]
[EventDate "2023.08.09"]
[EventType "swiss"]
[EventRounds "7"]
[EventCountry "AUS"]
[TimeControl "3600+30"]

1. d4 d5 2. Nf3 Nf6 3. g3 g6 4. Bg2 Bg7 5. O-O O-O 6. c4 c6 7. b3 Re8 8. Bb2
Nbd7 9. Nc3 Nb6 10. cxd5 Nbxd5 11. Nxd5 Nxd5 12. Re1 e6 13. e4 Ne7 14. Qd2 b6
15. Rac1 Bb7 16. Rc2 c5 17. dxc5 Qxd2 18. Rxd2 Rad8 19. Bxg7 Kxg7 20. cxb6 axb6
21. Nd4 e5 22. Nf3 Rxd2 23. Nxd2 Rd8 24. Nc4 f5 25. exf5 Bxg2 26. Kxg2 Nxf5 27.
Rxe5 b5 28. Rxb5 Nd6 29. Nxd6 Rxd6 30. a4 Kf6 31. a5 Ra6 32. Rb6+ Rxb6 33. axb6
1-0

[Event "2023 John Brooke Cup"]
[Site "Woodvale, Perth WA AUS"]
[Date "2023.08.23"]
[Round "2"]
[White "Owen, Geoffrey"]
[Black "Bordas, Lindsay"]
[Result "1-0"]
[ECO "C10"]
[WhiteElo "1030"]
[BlackElo "1122"]
[PlyCount "121"]
[EventDate "2023.08.09"]
[EventType "swiss"]
[EventRounds "7"]
[EventCountry "AUS"]
[TimeControl "3600+30"]

1. e4 e6 2. Nf3 d5 3. Nc3 dxe4 4. Nxe4 Nf6 5. Nxf6+ Qxf6 6. d4 c6 7. Bg5 Qf5 8.
Bd3 Qa5+ 9. c3 Bd6 10. b4 Qc7 11. a4 e5 12. O-O O-O 13. Re1 f6 14. Bc4+ Kh8 15.
Qd3 Qd7 16. Nh4 fxg5 17. Ng6+ hxg6 18. Qxg6 Qe8 19. Qxg5 Be6 20. Qh4+ Kg8 21.
Bd3 Bf5 22. Bc4+ Be6 23. d5 cxd5 24. Bd3 Bf5 25. Bb5 Qe7 26. Qxe7 Bxe7 27. Rxe5
Nc6 28. Bxc6 bxc6 29. Rxe7 Rfe8 30. Rae1 Kf8 31. R7e5 g6 32. h3 Rad8 33. g4 Bc2
34. a5 Rxe5 35. Rxe5 d4 36. cxd4 Rxd4 37. Rc5 Rxb4 38. Rxc2 Ra4 39. Rxc6 Rxa5
40. Rxg6 Ra1+ 41. Kg2 a5 42. Ra6 a4 43. Kg3 a3 44. Kh4 Ra2 45. f4 Rf2 46. f5 a2
47. Kg5 Ke7 48. h4 Kd7 49. f6 Kc7 50. Kg6 Kb7 51. Ra4 Rf4 52. Rxa2 Rxg4+ 53.
Kf7 Rxh4 54. Re2 Rh8 55. Kg7 Rd8 56. f7 Rd7 57. Rd2 Rxd2 58. f8=Q Rg2+ 59. Kh6
Rh2+ 60. Kg5 Rg2+ 61. Kh4 1-0

[Event "2023 John Brooke Cup"]
[Site "Woodvale, Perth WA AUS"]
[Date "2023.08.23"]
[Round "2"]
[White "Rennie, Mike"]
[Black "Frankland, David"]
[Result "1/2-1/2"]
[ECO "C20"]
[WhiteElo "891"]
[BlackElo "1098"]
[PlyCount "90"]
[EventDate "2023.08.09"]
[EventType "swiss"]
[EventRounds "7"]
[EventCountry "AUS"]
[TimeControl "3600+30"]

1. e4 e5 2. d3 d6 3. Nc3 c6 4. Be2 Nf6 5. Nf3 h6 6. O-O Be7 7. Nh4 Nh7 8. Nf5
Bxf5 9. exf5 Bf6 10. Bh5 Na6 11. a3 Qd7 12. Bg4 Qc7 13. b4 e4 14. Qe1 d5 15. g3
O-O 16. Bf4 Qb6 17. Rb1 Rfe8 18. dxe4 Bxc3 19. Qxc3 Rxe4 20. Bf3 Rc4 21. Qd3 f6
22. c3 Ng5 23. Bg2 Qb5 24. Bd6 Ne4 25. Rbe1 Nxd6 26. Re7 Re8 27. Rd7 Nf7 28.
Qd1 Rxc3 29. Qh5 Rf8 30. Re1 Ne5 31. Re7 Qd3 32. Rd1 Nf3+ 33. Bxf3 Qxf3 34.
Qxf3 Rxf3 35. Rxb7 Rxa3 36. Re1 Rf7 37. Re8+ Rf8 38. Ree7 Rc8 39. Rxg7+ Kf8 40.
Rbf7+ Ke8 41. Re7+ Kd8 42. Rd7+ Ke8 43. Rde7+ Kf8 44. Ref7+ Ke8 45. Re7+ Kd8
1/2-1/2

[Event "2023 Wolfgang Leonhardt Cup"]
[Site "Woodvale, Perth WA AUS"]
[Date "2023.08.30"]
[Round "3"]
[White "Maggs, Derwent"]
[Black "Davoll, Josh"]
[Result "1-0"]
[ECO "D36"]
[WhiteElo "2251"]
[BlackElo "1917"]
[PlyCount "105"]
[EventDate "2023.08.09"]
[EventType "swiss"]
[EventRounds "7"]
[EventCountry "AUS"]
[TimeControl "3600+30"]

1. d4 d5 2. c4 e6 3. Nc3 Nf6 4. Nf3 c6 5. Bg5 Be7 6. e3 O-O 7. Qc2 Nbd7 8. a3
h6 9. Bh4 Re8 10. Bd3 Nh5 11. Bxe7 Qxe7 12. cxd5 exd5 13. O-O Nhf6 14. b4 Ne4
15. b5 Nxc3 16. Qxc3 c5 17. dxc5 Nxc5 18. Rac1 Nxd3 19. Qxd3 Be6 20. Rc3 Rac8
21. Rfc1 Rxc3 22. Rxc3 Rc8 23. Nd4 Rc4 24. Nxe6 Rxc3 25. Qxc3 Qxe6 26. h3 Qd7
27. Qc5 Qf5 28. a4 Qd7 29. Qxa7 Qc7 30. Qd4 Qc1+ 31. Kh2 Qc4 32. Qxc4 dxc4 33.
a5 c3 34. a6 bxa6 35. bxa6 c2 36. a7 c1=Q 37. a8=Q+ Kh7 38. Qb7 Qc4 39. g4 Qe6
40. Kg3 Qe5+ 41. Kf3 Qf6+ 42. Ke2 Qe6 43. Kf3 Qf6+ 44. Kg2 Qe6 45. Qf3 Kg8 46.
Qf5 Qc6+ 47. e4 Kf8 48. Qd5 Qxd5 49. exd5 Ke7 50. Kf3 Kd6 51. Ke4 g5 52. Kf5
Kxd5 53. Kf6 1-0

[Event "2023 Wolfgang Leonhardt Cup"]
[Site "Woodvale, Perth WA AUS"]
[Date "2023.08.30"]
[Round "3"]
[White "Plaganyi, Gyula"]
[Black "Janceski, Alex"]
[Result "1-0"]
[ECO "B23"]
[WhiteElo "1972"]
[WhiteTitle "CM"]
[BlackElo "1879"]
[PlyCount "161"]
[EventDate "2023.08.09"]
[EventType "swiss"]
[EventRounds "7"]
[EventCountry "AUS"]
[TimeControl "3600+30"]

1. e4 c5 2. Nc3 e6 3. f4 a6 4. a4 b6 5. Nf3 Bb7 6. Bc4 d6 7. d3 h6 8. O-O Nd7
9. Qe1 Be7 10. Qg3 Bf8 11. f5 exf5 12. Nh4 Ne5 13. Nxf5 g6 14. Ne3 Nf6 15. Ned5
Bg7 16. Nxf6+ Bxf6 17. Bd5 Bxd5 18. Nxd5 Bg7 19. c3 O-O 20. Bf4 Re8 21. Bxe5
Rxe5 22. Qf3 Ra7 23. Rad1 b5 24. d4 cxd4 25. cxd4 Re8 26. axb5 axb5 27. b4 Qd7
28. Qd3 Rb7 29. Rc1 Qe6 30. Rfe1 Qd7 31. Qc3 Rd8 32. Qf3 Qe6 33. Qd3 Qd7 34.
Rf1 Rc8 35. Ne7+ Qxe7 36. Rxc8+ Kh7 37. Rcc1 d5 38. e5 Qxb4 39. Rb1 Qa5 40. Rb3
b4 41. Rfb1 Bf8 42. Qf3 Qb6 43. Qxd5 Qa7 44. Qe4 Rd7 45. Rd1 Qa4 46. Qc2 Qa7
47. Rbd3 Rd5 48. Kf1 Qd7 49. Qb3 Kg8 50. h3 Qc6 51. Qb2 Qe6 52. g4 Qd7 53. Qf2
Be7 54. Qb2 Bf8 55. Qb3 Qb7 56. Qc4 Qd7 57. Rf3 Be7 58. Ke2 Qe6 59. Qd3 Ra5 60.
Qe4 Ra2+ 61. Rd2 Rxd2+ 62. Kxd2 Bg5+ 63. Ke2 Qa2+ 64. Kf1 Qc4+ 65. Kg2 Bh4 66.
Re3 Bg5 67. Qd3 Qd5+ 68. Rf3 Bh4 69. Qd2 Qe4 70. Qd3 Qd5 71. Kf1 Bg5 72. Qb3
Qb7 73. d5 Bd2 74. Rd3 Bc3 75. Rxc3 Qa6+ 76. Rd3 Qa1+ 77. Qd1 Qxe5 78. d6 Qf4+
79. Qf3 Qc1+ 80. Kg2 Qb2+ 81. Qf2 1-0

[Event "2023 Wolfgang Leonhardt Cup"]
[Site "Woodvale, Perth WA AUS"]
[Date "2023.08.30"]
[Round "3"]
[White "Clarke, Daniel"]
[Black "Doshi, Chirag"]
[Result "1-0"]
[ECO "C62"]
[WhiteElo "1902"]
[BlackElo "1870"]
[PlyCount "127"]
[EventDate "2023.08.09"]
[EventType "swiss"]
[EventRounds "7"]
[EventCountry "AUS"]
[TimeControl "3600+30"]

1. e4 e5 2. Nf3 Nc6 3. Bb5 d6 4. d4 exd4 5. Nxd4 Bd7 6. Nc3 a6 7. Bxc6 Bxc6 8.
Qd3 Be7 9. Nf5 Bf6 10. Nd5 Bd7 11. Nxf6+ Qxf6 12. Qd5 Bc6 13. Qd3 Ne7 14. Nd4
O-O 15. Bd2 Qg6 16. Nxc6 Nxc6 17. O-O-O Rfe8 18. f3 Qe6 19. Kb1 Ne5 20. Qd5
Qxd5 21. exd5 Nc4 22. Bc1 Re2 23. b3 Nb6 24. Bb2 f6 25. g3 Kf7 26. Kc1 Rae8 27.
c4 Rf2 28. Bd4 Rxa2 29. Rd2 Re2 30. Rxa2 Rxa2 31. Bb2 Nd7 32. Kb1 Ra5 33. Bc3
Rc5 34. Bd4 a5 35. Bxc5 Nxc5 36. Kc2 Na6 37. Ra1 b6 38. Kc3 g6 39. h4 Nb4 40.
f4 f5 41. h5 Na6 42. hxg6+ hxg6 43. Rh1 Kg7 44. Re1 Kf7 45. Kd2 Kf6 46. Re8 Kf7
47. Ra8 Nc5 48. Rc8 Na6 49. Ke3 Ke7 50. Kf3 Kf7 51. g4 Ke7 52. gxf5 gxf5 53.
Ke3 Kd7 54. Rf8 Nc5 55. Rxf5 Nxb3 56. Rf7+ Ke8 57. Rxc7 a4 58. Ra7 Na5 59. Rxa5
bxa5 60. Kd3 Kf7 61. Kc3 Kf6 62. Kb2 Kf5 63. Ka3 Kxf4 64. c5 1-0

[Event "2023 Wolfgang Leonhardt Cup"]
[Site "Woodvale, Perth WA AUS"]
[Date "2023.08.30"]
[Round "3"]
[White "Lakner, Jay"]
[Black "Curthoys, Edward"]
[Result "1-0"]
[ECO "D13"]
[WhiteElo "2144"]
[BlackElo "1848"]
[PlyCount "93"]
[EventDate "2023.08.09"]
[EventType "swiss"]
[EventRounds "7"]
[EventCountry "AUS"]
[TimeControl "3600+30"]

1. c4 c6 2. Nc3 d5 3. cxd5 cxd5 4. d4 Nf6 5. Bf4 e6 6. e3 a6 7. Nf3 Bd6 8. Ne5
O-O 9. Bd3 Nc6 10. Qf3 Qc7 11. Qg3 Nh5 12. Bxh7+ Kxh7 13. Qh3 Bxe5 14. Qxh5+
Kg8 15. Bxe5 Nxe5 16. Qxe5 Qb6 17. b3 Qb4 18. Rc1 Bd7 19. O-O Rac8 20. Ne2 Bb5
21. Nf4 Rxc1 22. Rxc1 Qd2 23. Ra1 Qb2 24. Rd1 Qc2 25. Qh5 Rc8 26. Qg4 Qe4 27.
Re1 Rc2 28. f3 Qh7 29. e4 dxe4 30. fxe4 Qh6 31. a4 Bd7 32. Qf3 e5 33. dxe5 Qb6+
34. Qe3 Qa5 35. Rd1 Bg4 36. Rd5 Qc7 37. h3 Be6 38. Nxe6 fxe6 39. Rd6 Rc3 40.
Qb6 Rc1+ 41. Kh2 Qc3 42. Qd8+ Kh7 43. Qh4+ Kg6 44. Rxe6+ Kf7 45. Qe7+ Kg8 46.
Qe8+ Kh7 47. Qh5+ 1-0

[Event "2023 Wolfgang Leonhardt Cup"]
[Site "Woodvale, Perth WA AUS"]
[Date "2023.08.30"]
[Round "3"]
[White "Saxon, Marc"]
[Black "Roebuck, Derek"]
[Result "1/2-1/2"]
[ECO "C63"]
[WhiteElo "2053"]
[BlackElo "1796"]
[PlyCount "54"]
[EventDate "2023.08.09"]
[EventType "swiss"]
[EventRounds "7"]
[EventCountry "AUS"]
[TimeControl "3600+30"]

1. e4 e5 2. Nf3 Nc6 3. Bb5 f5 4. d4 fxe4 5. Nxe5 Nxe5 6. dxe5 c6 7. Bc4 Qa5+ 8.
Bd2 Qxe5 9. Qe2 d5 10. Bb3 Nf6 11. f3 Bc5 12. fxe4 Bg4 13. Qd3 dxe4 14. Qg3
Qxb2 15. Qc3 Qxc3 16. Bxc3 O-O-O 17. Nd2 Bd4 18. Bxd4 Rxd4 19. Nc4 Be6 20. Nb6+
axb6 21. Bxe6+ Kc7 22. Rd1 Rxd1+ 23. Kxd1 Kd6 24. Bb3 Rd8 25. c4 Ke5+ 26. Ke2
Rd7 27. Rb1 Rd4 1/2-1/2

[Event "2023 Wolfgang Leonhardt Cup"]
[Site "Woodvale, Perth WA AUS"]
[Date "2023.08.30"]
[Round "3"]
[White "O'Shaughnessy, Dave"]
[Black "Maris, Rob"]
[Result "0-1"]
[ECO "D05"]
[WhiteElo "1977"]
[BlackElo "2044"]
[PlyCount "80"]
[EventDate "2023.08.09"]
[EventType "swiss"]
[EventRounds "7"]
[EventCountry "AUS"]
[TimeControl "3600+30"]

1. d4 Nf6 2. Nf3 e6 3. e3 b6 4. Bd3 Bb7 5. O-O c5 6. c3 Be7 7. Nbd2 d5 8. Ne5
Nbd7 9. f4 Qc7 10. a4 a5 11. Qf3 g6 12. g4 Rf8 13. b4 c4 14. Bc2 axb4 15. cxb4
Bxb4 16. Rb1 Be7 17. e4 c3 18. Nb3 dxe4 19. Qh3 h5 20. g5 Ng4 21. Nxg4 hxg4 22.
Qxg4 Rxa4 23. Be3 Ra2 24. Rf2 Ra6 25. Qe2 f5 26. Rff1 Kf7 27. Rfd1 Rfa8 28. h4
Rh8 29. Qh2 Ra2 30. Na1 Bd5 31. Qg3 Qc6 32. Rdc1 Ba3 33. Re1 b5 34. Bc1 b4 35.
Bxa3 Rxa3 36. Rxb4 Qa6 37. Rbb1 Nb6 38. Nb3 Nc4 39. Qxc3 Rxh4 40. Qg3 Rg4 0-1

[Event "2023 Wolfgang Leonhardt Cup"]
[Site "Woodvale, Perth WA AUS"]
[Date "2023.08.30"]
[Round "3"]
[White "Stortz, Robert"]
[Black "Gibson, Jacob"]
[Result "1-0"]
[ECO "D02"]
[WhiteElo "1796"]
[BlackElo "1987"]
[PlyCount "67"]
[EventDate "2023.08.09"]
[EventType "swiss"]
[EventRounds "7"]
[EventCountry "AUS"]
[TimeControl "3600+30"]

1. d4 d5 2. Bf4 c5 3. Nc3 Nf6 4. Nf3 Nc6 5. e3 a6 6. dxc5 Bg4 7. Be2 e6 8. Na4
Nd7 9. O-O Nxc5 10. Nxc5 Bxc5 11. Ne5 Bxe2 12. Qxe2 O-O 13. Nxc6 bxc6 14. Be5
f6 15. Bd4 Bd6 16. c4 e5 17. Bc3 Re8 18. cxd5 cxd5 19. Qd3 Qe7 20. Qxd5+ Kh8
21. Rfd1 Red8 22. Qc6 a5 23. Rd5 Rac8 24. Qb5 Bb4 25. Rxd8+ Rxd8 26. Bxb4 axb4
27. Rc1 Qd6 28. Qe2 h6 29. g3 Ra8 30. b3 Ra5 31. Rc8+ Kh7 32. Qc2+ e4 33. Qxe4+
g6 34. Qb7+ 1-0